 Dungeon Crawl Stone Soup version 0.22-a0-284-g99d1f74 (webtiles) character file.

61 medis the Skirmisher (level 3, -2/29 HPs)
             Began as a Demonspawn Wanderer on Mar 22, 2018.
             Slain by a bullfrog (7 damage)
             ... on level 2 of the Dungeon.
             The game lasted 00:04:23 (2529 turns).

medis the Skirmisher (Demonspawn Wanderer)          Turns: 2529, Time: 00:04:23

Health: -2/29      AC:  2    Str: 13    XL:     3   Next: 83%
Magic:  3/3        EV: 18    Int: 12    God:
Gold:   95         SH:  0    Dex: 18    Spells: 2/2 levels left

rFire    . . .     SeeInvis .   a - +2 dagger
rCold    . . .     Gourm    .   (no shield)
rNeg     . . .     Faith    .   e - +0 robe
rPois    .         Spirit   .   (no helmet)
rElec    .         Reflect  .   (no cloak)
rCorr    .         Harm     .   (no gloves)
MR       .....                  (no boots)
Stlth    +++.......             (no amulet)
HPRegen  0.09/turn              (no ring)
MPRegen  0.08/turn              (no ring)

@: agile, hasted, very quick
A: powered by death 1
a: no special abilities


You were on level 2 of the Dungeon.
You were not hungry.

You visited 1 branch of the dungeon, and saw 3 of its levels.

You collected 95 gold pieces.

Inventory:

Hand Weapons
 a - a +2 dagger (weapon)
 c - a +0 falchion
Armour
 e - a +0 robe (worn)
Jewellery
 h - an uncursed ring of protection from cold {unknown}
 l - an uncursed ring of positive energy {unknown}
Scrolls
 d - 2 scrolls of teleportation
 j - 2 scrolls of remove curse {unknown}
 k - a scroll of enchant armour {unknown}
 n - a scroll of identify {unknown}
Potions
 i - a potion of berserk rage {unknown}
 m - 2 potions of agility
 o - a potion of degeneration {unknown}
 p - 2 potions of brilliance {unknown}
Comestibles
 f - 4 rations
 g - 4 chunks of flesh


   Skills:
 + Level 3.5 Fighting
 + Level 1.3(1.8) Short Blades
 - Level 1.7(2.0) Long Blades
 + Level 2.0 Dodging
 + Level 2.3 Stealth
   Level 1.0 Shields
   Level 1.0 Evocations


You had 2 spell levels left.
You didn't know any spells.

Dungeon Overview and Level Annotations

Branches:
Dungeon (3/15)

Altars:
Cheibriados

Annotations:
D:2 1 runed door
D:3 Natasha


Innate Abilities, Weirdness & Mutations

You regenerate a little health from kills.


Message History

The rat is moderately wounded.
The bullfrog hits you! The rat barely misses you.
The bullfrog barely misses you. x2
The bullfrog hits you!
Natasha, Servant of Life and Death comes into view.
The bullfrog hits you!
* * * LOW HITPOINT WARNING * * *
You feel yourself speed up. The bullfrog hits you.
* * * LOW HITPOINT WARNING * * *
You see here a hunting sling.
You see here 2 scrolls labeled GUF XUFOLANWO.
There is a stone staircase leading up here.
You climb upwards.
Level annotation: 1 runed door
There is a stone staircase leading down here.
Unknown command.
It was a potion of agility.
You feel agile all of a sudden. The bullfrog closely misses you.
The bullfrog hits you!
You die...

#.. ..# #.......# #.#
#.########### #####.### #.#
#.##........# #.# ###.####
#.##.######.# #.### (..g...#
#<##.# #.# ##.#.. .##g.#.#
#.##.######.# ##....# .##..#.#
#g##.##.....#### #...).#
.##..#.###g##.##F.......# ##....#
###.....>..##...@....##.# ##.#.#
.....####.######..##.##.#####.#.#
###### #.# ##.##............# #.#
#.#####.#####+### #.# #.#####.#
##...## ### #.# #.......###.....#
#####.###.# #.#.######.......
##...)....#######....####........
'.......................+........


You could see a bullfrog.

Vanquished Creatures
  An adder (D:2)
  An ooze (D:2)
  A leopard gecko (D:3)
  An orc (D:3)
  2 bats
  3 giant cockroaches
  5 goblins
  9 hobgoblins
  5 kobolds
  A quokka (D:3)
  3 ball pythons
  7 frilled lizards
  4 rats
43 creatures vanquished.

Notes
Turn   | Place    | Note
-------+----------+-------------------------------------------
     0 | D:1      | medis the Demonspawn Wanderer began the quest for the Orb.
     0 | D:1      | medis set off with: a +2 dagger, a potion of haste, a +0 falchion, a scroll of teleportation, a +0 robe, a ration
     0 | D:1      | Reached XP level 1. HP: 18/18 MP: 1/1
   457 | D:1      | Gained mutation: You regenerate a little health from kills. [demonic ancestry]
   457 | D:1      | Reached XP level 2. HP: 24/24 MP: 2/2
  1044 | D:2      | Reached skill level 1 in Short Blades
  1115 | D:2      | Reached XP level 3. HP: 29/29 MP: 3/3
  1387 | D:2      | Found a snail-covered altar of Cheibriados.
  2049 | D:2      | Found a runed door.
  2507 | D:3      | Noticed a bullfrog
  2515 | D:3      | Noticed Natasha
  2529 | D:2      | Slain by a bullfrog

Vault maps used:
D:1:      saegor_arrival_simple_e
D:2:      cheibriados_altar_1, minivault_4, kennysheep_flooded_box,
          uniq_crazy_yiuf_cottage
D:3:      first_ration, uniq_natasha

Skill      XL: |  1  2  3 |
---------------+----------+-----
Stealth        | 2 |  2.3
Short Blades   | 1 |  1.3
Dodging        | 2 |  2.0
Fighting       | |  3.5
Long Blades    | |  1.7
Shields        | |  1.0
Evocations     | |  1.0

Action                   || total
-------------------------++-------
Melee: Dagger            ||   149
  Use: Potion            ||     3
 Stab: Sleeping          ||     1
  Eat: Chunk             ||     5
Armor: Robe              ||    20
       Skin              ||     9
Dodge: Dodged            ||    80

Table legend:
 A = Spawn XP
 B = Non-spawn XP
 C = Spawn XP percentage of total XP
 D = Spawn monster count
 E = Non-spawn monster count
 F = Spawn count percentage of total count
 G = Total turns spent on level
                    A         B        C        D         E        F      G
               +---------+---------+-------+---------+---------+-------+---------
         Total |       0 |      88 |   0.0 |       0 |      43 |   0.0 |  2529
               +---------+---------+-------+---------+---------+-------+---------
           D:1 |       0 |      26 |   0.0 |       0 |      17 |   0.0 |   958
           D:2 |       0 |      44 |   0.0 |       0 |      16 |   0.0 |  1266
           D:3 |       0 |      18 |   0.0 |       0 |      10 |   0.0 |   305
               +---------+---------+-------+---------+---------+-------+---------
